 Dungeon Sprint DCSS version 0.32-a0-433-g08bcfe7efd (webtiles) character file.

Game seed: 6314840744121253225

109 rocky1 the Cudgeller (level 4, 0/42 HPs)
             Began as a Mountain Dwarf Cinder Acolyte on Feb 23, 2024.
             Was an Elder of Ignis.
             Slain by a sixfirhy (12 damage)
             ... summoned by a kobold demonologist
             ... in the Dungeon (Sprint III: "The Ten Rune Challenge").
             The game lasted 00:02:26 (227 turns).

rocky1 the Cudgeller (Mountain Dwarf Cinder Acolyte) Turns: 227, Time: 00:02:26

Health: 0/42       AC: 12    Str: 19    XL:     4   Next: 60%
Magic:  8/8        EV: 10    Int: 14    God:    Ignis [****..]
Gold:   15         SH:  0    Dex:  5    Spells: 7/9 levels left

rFire   + . .        a - -1 mace (flame)
rCold   . . .        (no shield)
rNeg    . . .        i - +0 ring mail
rPois   .            (no helmet)
rElec   .            (no cloak)
rCorr   .            (no gloves)
SInv    .            (no boots)
Will    .....        (no amulet) Stlth
                     (no ring)
HPRegen 0.27/turn    (no ring)
MPRegen 0.11/turn

%: no teleportation
@: fiery-armoured
A: runic magic, artefact enchanting
a: Renounce Religion, Fiery Armour, Foxfire Swarm, Rising Flame


You were in the Dungeon.
You worshipped Ignis.
Ignis was greatly pleased with you.
You visited 1 branch You collected 15 gold pieces.

Inventory:

Hand Weapons
 a - a -1 mace of flaming (weapon)
Armour
 b - a +0 robe
 i - a +0 ring mail (worn)
Scrolls
 k - a scroll of poison {unknown}
 l - 3 scrolls of identify
 n - a scroll of immolation {unknown}
Potions
 c - a potion of curing
 d - a potion of heal wounds
 e - a potion of haste
 f - 2 potions of magic
 g - a potion of berserk rage
 j - 4 potions of mutation {unknown}
 m - a potion of brilliance {unknown}
 o - 2 potions of enlightenment


   Skills:
 + Level 5.4 Fighting
 + Level 6.8 Maces & Flails
 * Level 3.5 Armour
 * Level 3.0 Spellcasting
 + Level 6.4 Fire Magic


You had 7 spell levels left.
You knew the following spells:

 Your Spells              Type           Power      Damage    Failure   Level
a - Scorch                Fire           40%        2d6       2%          2

Your spell library contained the following spells:

 Spells                   Type           Power      Damage    Failure   Level


Dungeon Overview and Level Annotations

Branches:
Dungeon (1/1)

Altars:
Kikubaaqudgha
Sif Muna
Vehumet


Innate Abilities, Weirdness & Mutations

Your spellcasting is much less encumbered by armour.
You can use scrolls of enchantment on lesser artefacts.


Message History

There is an open door to the Ecumenical Temple here.
There is a fountain of clear blue water here.
There is a fountain of clear blue water here.
There is a fountain of clear blue water here.
A protective cloak of flame settles atop you.
As you open the door, it creaks loudly!
A burial acolyte comes into view. It is wielding a +0 dagger.
The burial acolyte shouts!
A kobold demonologist comes into view. It is wielding a +0 dagger.
Found a book of Air.
Found three altars.
You closely miss the burial acolyte.
The kobold demonologist shouts!
The burial acolyte hits you but does no damage.
The burial acolyte is burned by your cloak of flames.
The burial acolyte is moderately wounded.
You barely miss the burial acolyte.
The burial acolyte is moderately wounded.
The burial acolyte hits you but does no damage.
The burial acolyte is burned by your cloak of flames.
The burial acolyte is heavily wounded.
You closely miss the burial acolyte.
The burial acolyte is heavily wounded.
The burial acolyte barely misses you.
The kobold demonologist mumbles some strange words.
You hit the burial acolyte. You burn the burial acolyte.
The burial acolyte is severely wounded.
The sixfirhy hits you! The sixfirhy shocks you!
The sixfirhy is burned by your cloak of flames.
The sixfirhy is lightly wounded.
The burial acolyte hits you but does no damage.
You hit the burial acolyte. You burn the burial acolyte.
The burial acolyte is almost dead.
The sixfirhy hits you but does no damage.
The sixfirhy is burned by your cloak of flames.
The sixfirhy is moderately wounded.
The sixfirhy hits you!
* * * LOW HITPOINT WARNING * * *
The sixfirhy shocks you!
You die...
Ignis goes out, and joins you in death.

.#)..#### ##.#
.#......#####..#
##....)..#..#..#
.##.##...#..#..###+#+###+##
.##.###..##'#..#..........#
####.##..###...'.⌠........#
##..##..####...#...######+#
.†..##..###....#.⌠.#
#..##...##.....#@3.#
..##....#†.....#p###
.###..##.#.....#K: .#
#..#####....#___ ▓▓ ▓▓▓▓
▓▓▓▓▓▓▓▓▓▓


You could see a kobold demonologist, a sixfirhy (summoned) and a burial acolyte.

Vanquished Creatures
  A water elemental (D)
  Jessica (D)
  A human (D)
  A phantom (D)
  An endoplasm (D)
  A rat (D)
6 creatures vanquished.

Vanquished Creatures (others)
  16 foxfires (D)
16 creatures vanquished.

Grand Total: 22 creatures vanquished

Notes
Turn   | Place    | Note
-------+----------+-------------------------------------------
     0 | D        | rocky1 the Mountain Dwarf Cinder Acolyte began the quest
                  | for the Orb.
     0 | D        | Reached XP level 1. HP: 19/19 MP: 2/2
    36 | D        | Noticed Jessica
    39 | D        | Killed Jessica
    40 | D        | Reached skill level 5 in Maces & Flails
    40 | D        | Reached skill level 5 in Fire Magic
    40 | D        | Reached XP level 2. HP: 28/28 MP: 2/4
    55 | D        | Learned a level 2 spell: Scorch
    78 | D        | Reached XP level 3. HP: 8/34 MP: 1/6
   183 | D        | Noticed a water elemental
   188 | D        | Killed a water elemental
   189 | D        | Reached skill level 5 in Fighting
   189 | D        | Reached XP level 4. HP: 42/42 MP: 6/8
   222 | D        | Found a radiant altar of Vehumet.
   222 | D        | Found a shimmering blue altar of Sif Muna.
   222 | D        | Found an ancient bone altar of Kikubaaqudgha.
   226 | D        | Noticed a sixfirhy
   227 | D        | Slain by a sixfirhy

Illustrated notes

Levels and vault maps discovered:
D:        dungeon_sprint_mu [sprint_mu_entry_cave, sprint_mu_temple_rooms,
          sprint_mu_d1_horrors, sprint_mu_d2_genie, sprint_mu_d3_branching,
          sprint_mu_orc_legion, sprint_mu_elf_gauntlet, sprint_mu_hive_nellie,
          sprint_mu_lair_fedhas, sprint_mu_vaults_butterflies,
          sprint_mu_slime_circle, sprint_mu_swamp_cave, sprint_mu_shoals_kraken,
          sprint_mu_blade_basic, sprint_mu_crypt_chambers,
          sprint_mu_tomb_spiral, sprint_mu_vestibule_basic,
          sprint_mu_gehenna_hellfire, sprint_mu_dis_giant,
          sprint_mu_tartarus_statrot, sprint_mu_cocytus_islands, sprint_mu_zot1]

Skill      XL: |  1  2  3 |
---------------+----------+-----
Fire Magic     | 5 6 |  6.4
Fighting       | 4 5 |  5.4
Maces & Flails | 5 6 |  6.8
Armour         | 2 3 |  3.5
Spellcasting   | 2 3 |  3.0

Action                     |  1- 3 |  4- 6 || total
---------------------------+-------+-------++-------
  Melee: Mace              |    15 |     5 ||    20
   Cast: Scorch            |     2 |       ||     2
 Invoke: Fiery Armour      |     1 |     1 ||     2
         Foxfire Swarm     |     1 |       ||     1
    Use: Scroll            |     1 |       ||     1
 Armour: Ring mail         |     9 |     6 ||    15
  Dodge: Dodged            |     6 |     1 ||     7

Table legend: (Time is in decaauts)
 A = Elapsed time spent in this place.
 B = Non-inter-level travel time spent in this place.
 C = Inter-level travel time spent in this place.
 D = Time resting spent in this place.
 E = Time spent auto-exploring this place.
 F = Levels seen in this place.
 G = Mean time per level.
                   A        B        C        D        E       F      G
               +--------+--------+--------+--------+--------+-----+--------+
         Total |    230 |    224 |      6 |     84 |      0 |   1 |  230.0 |
       Dungeon |    230 |    224 |      6 |     84 |      0 |   1 |  230.0 |
               +--------+--------+--------+--------+--------+-----+--------+

Top non-repeatable levels by time:
       D: 230 daAuts
